 Dungeon Crawl Stone Soup version 0.23.2-40-g277498a001 (webtiles) character file.

Game seed: 3604071994189679020

124 Goldmage the Magician (level 4, -2/32 HPs)
             Began as a Demonspawn Wanderer on Aug 13, 2019.
             Slain by an adder (4 damage)
             ... on level 2 of the Dungeon.
             The game lasted 00:06:26 (2728 turns).

Goldmage the Magician (Demonspawn Wanderer)         Turns: 2728, Time: 00:06:27

Health: -2/32      AC:  3    Str: 10 (11) XL:     4   Next: 81%
Magic:  9/9        EV: 11    Int: 11 (14) God:
Gold:   123        SH:  0    Dex: 11 (14) Spells: 7/10 levels left

rFire    + . .     SeeInvis .   k - +2 short sword (venom)
rCold    + . .     Gourm    .   (no shield)
rNeg     . . .     Faith    .   e - +0 robe
rPois    +         Spirit   .   (no helmet)
rElec    +         Reflect  .   o - +0 cloak
rCorr    +         Harm     .   (no gloves)
MR       .....                  (no boots)
Stlth    +.........             (no amulet)
HPRegen  0.10/turn              (no ring)
MPRegen  0.11/turn              (no ring)

@: lethally poisoned (-2 -> -5), resistant
A: talons 1
a: no special abilities


You were on level 2 of the Dungeon.
You were not hungry.

You visited 1 branch of the dungeon, and saw 2 of its levels.

You collected 123 gold pieces.

Inventory:

Hand Weapons
 a - a +2 blowgun
 c - a +0 club
 g - a +0 dagger
 k - a +2 short sword of venom (weapon)
Missiles
 b - a curare-tipped needle
Armour
 e - a +0 robe (worn)
 o - a +0 cloak (worn)
Scrolls
 d - a scroll of teleportation {unknown}
 h - a scroll of magic mapping {unknown}
 i - a scroll of fear {unknown}
 j - a scroll of enchant weapon {unknown}
 l - 3 scrolls of identify {unknown}
 q - a scroll of fog {unknown}
 s - a scroll of remove curse {unknown}
Comestibles
 f - 3 rations


   Skills:
 - Level 1.0 Fighting
   Level 1.0 Long Blades
 - Level 1.0 Throwing
 - Level 1.0 Stealth
   Level 1.0 Shields
 - Level 3.5 Spellcasting
 + Level 2.1 Conjurations
   Level 2.6 Translocations
 + Level 1.8 Earth Magic


You had 7 spell levels left.
You knew the following spells:

 Your Spells              Type           Power        Failure   Level  Hunger
a - Stone Arrow           Conj/Erth      #.....       32%         3    ###....

Your spell library contained the following spells:

 Spells                   Type           Power        Failure   Level  Hunger
 Apportation              Tloc           #.....       9%          1    #......
 Sandblast                Erth           #.....       12%         1    #......
 Recall                   Summ/Tloc      N/A          41%         3    ###....


Dungeon Overview and Level Annotations

Branches:
Dungeon (2/15)

Altars:
Elyvilon


Innate Abilities, Weirdness & Mutations

You have sharp toenails.


Message History

You barely miss the adder.
You feel sick. The adder bites you but does no damage.
You hit the adder but do no damage.
You feel sick. The adder bites you.
* * * LOW HITPOINT WARNING * * *
The adder bites you.
* * * LOW HITPOINT WARNING * * *
You barely miss the adder. Your kick misses the adder.
The adder closely misses you.
You barely miss the adder.
You feel sick. The adder closely misses you.
You closely miss the adder. Your kick misses the adder.
The adder closely misses you. The adder bites you but does no damage.
You miss the adder. Your kick misses the adder. The adder barely misses you.
You aren't carrying any potions.
You miss the adder. Your kick misses the adder.
You feel sick. The adder bites you.
* * * LOW HITPOINT WARNING * * *
The adder bites you.
* * * LOW HITPOINT WARNING * * *
You miss the adder. Your kick misses the adder. The adder bites you.
You die...

#.#####..###......<.....####.#
#.##.....# #.......####......#
#.##.##..###..#####.###.######
#.##.##.#....##).?##.##.##
#............#.....#.[...##
####.###.....#s[$?.#......#
###.##..#'#.#rSS..#......####
#......##.###SgS.##..........
#.#....#.).'@#####.##...####.
#.###..##.###'##..##.........
#.##....#####..##....#..#.>..
#.##.#...).#....#.##.........
#.##.#.###.'....#.##.#..##.#.
#......# #.##..##.##.#.......
####.### #..####..##.......##
#.# #.......######.#### #.#
#.#.###.######.# ##


You could see 3 adders, a giant cockroach, a goblin, a ball python and a rat.

Vanquished Creatures
  Jessica (D:2)
  Terence (D:2)
  3 adders (D:2)
  2 dart slugs (D:1)
  A leopard gecko (D:2)
  A giant cockroach (D:2)
  6 goblins
  5 hobgoblins
  3 jackals (D:2)
  8 kobolds
  A ball python (D:2)
  5 bats
  A frilled lizard (D:1)
  12 rats
50 creatures vanquished.

Notes
Turn   | Place    | Note
-------+----------+-------------------------------------------
     0 | D:1      | Goldmage the Demonspawn Wanderer began the quest for the
                  | Orb.
     0 | D:1      | Goldmage set off with the following items: a +2 blowgun, 3
                  | curare-tipped needles, a +0 robe, a ration; and the
                  | following spells available to memorise: Apportation,
                  | Sandblast, Recall, Stone Arrow
     0 | D:1      | Reached XP level 1. HP: 15/15 MP: 3/3
   212 | D:1      | Gained mutation: You have sharp toenails. [demonic
                  | ancestry]
   212 | D:1      | Reached XP level 2. HP: 20/21 MP: 5/5
   379 | D:1      | Reached skill level 3 in Spellcasting
  1303 | D:2      | Found a white marble altar of Elyvilon.
  1349 | D:2      | Reached XP level 3. HP: 18/26 MP: 8/8
  1552 | D:2      | Learned a level 3 spell: Stone Arrow
  1600 | D:2      | Noticed Jessica
  1637 | D:2      | Killed Jessica
  1637 | D:2      | Reached skill level 1 in Conjurations
  1637 | D:2      | Reached skill level 1 in Earth Magic
  1637 | D:2      | Reached XP level 4. HP: 7/32 MP: 9/9
  2140 | D:2      | Noticed Terence
  2149 | D:2      | Killed Terence
  2727 | D:2      | HP: 1/32 [adder (1)]
  2728 | D:2      | Slain by an adder

Skill      XL: |  1  2  3  4 |
---------------+-------------+-----
Spellcasting   | 3 |  3.5
Conjurations   | 1 2 |  2.1
Earth Magic    | 1 |  1.8
Fighting       | |  1.0
Long Blades    | |  1.0
Throwing       | |  1.0
Stealth        | |  1.0
Shields        | |  1.0
Translocations | |  2.6

Action                   |  1- 3 |  4- 6 || total
-------------------------+-------+-------++-------
Melee: Club              |    31 |       ||    31
       Unarmed           |     3 |       ||     3
       Dagger            |    91 |    20 ||   111
       Kick              |    19 |    11 ||    30
       Short sword       |       |    38 ||    38
 Fire: Blowgun           |    12 |       ||    12
  Use: Potion            |     1 |     3 ||     4
 Stab: Sleeping          |     2 |       ||     2
  Eat: Chunk             |     2 |     4 ||     6
Armor: Robe              |    28 |    14 ||    42
       Skin              |    15 |       ||    15
Dodge: Dodged            |    86 |    38 ||   124
